 Dungeon Crawl Stone Soup version 0.30-a0-462-gd5975efbca (webtiles) character file.

Game seed: 1485886911490422815

51 Mitcholas the Chopper (level 3, -1/31 HPs)
             Began as a Hill Orc Monk on Dec 16, 2022.
             Slain by Terence
             ... wielding a +0 flail
              (2 damage)
             ... on level 1 of the Dungeon.
             The game lasted 00:04:02 (1219 turns).

Mitcholas the Chopper (Hill Orc Monk)               Turns: 1219, Time: 00:04:02

Health: -1/31      AC:  5    Str: 15    XL:     3   Next: 81%
Magic:  3/3        EV: 11    Int: 10    God:
Gold:   47         SH:  0    Dex: 13    Spells: 2/2 levels left

rFire   . . .      SeeInvis .    a - +0 hand axe
rCold   . . .      Faith    .    (no shield)
rNeg    . . .      Spirit   .    i - +0 ring mail
rPois   .          Reflect  .    (no helmet)
rElec   .          Harm     .    (no cloak)
rCorr   .          Rampage  .    (no gloves)
Will    .....                    (no boots)
Stlth   +.........               (no amulet)
HPRegen 0.25/turn                (no ring)
MPRegen 0.08/turn                (no ring)

@: no status effects
A: no striking features
a: no special abilities


You were on level 1 of the Dungeon.
You visited 1 branch of the dungeon, and saw 2 of its levels.

You collected 47 gold pieces.

Inventory:

Hand Weapons
 a - a +0 hand axe (weapon)
Missiles
 f - a throwing net (quivered)
Armour
 i - a +0 ring mail (worn)
Jewellery
 e - an amulet of faith
Scrolls
 b - a scroll of immolation {unknown}
 d - 2 scrolls of identify {unknown}
 g - a scroll of enchant weapon {unknown}
 h - a scroll of blinking {unknown}
 j - a scroll of amnesia {unknown}
Potions
 c - 2 potions of ambrosia


   Skills:
 - Level 3.6 Fighting
 * Level 6.1 Axes
 - Level 2.4 Dodging
 - Level 1.5 Stealth


You had 2 spell levels left.
You didn't know any spells.
Your spell library was empty.

Dungeon Overview and Level Annotations

Branches:
Dungeon (2/15)

Altars:

Annotations:
D:1 2 runed translucent doors, Terence


Message History

The bat misses you. x2
The bat hits you.
You hit the bat.
You kill the bat!
Terence attacks as you move away! Terence barely misses you.
Terence attacks as you move away! Terence hits you but does no damage.
There is a stone staircase leading up here.
Terence attacks as you move away! Terence hits you with a +0 flail.
Terence attacks as you move away! Terence hits you with a +0 flail.
You see here a bat corpse.
Terence attacks as you move away! Terence hits you with a +0 flail.
Terence attacks as you move away! Terence hits you with a +0 flail.
* * * LOW HITPOINT WARNING * * *
There is a stone staircase leading up here.
Terence closely misses you.
You climb upwards.
Level annotation: 2 runed translucent doors
There is a stone staircase leading down here.
You hit Terence but do no damage. Terence barely misses you.
You hit Terence but do no damage. Terence closely misses you.
You hit Terence but do no damage. Terence barely misses you.
You hit Terence but do no damage. Terence closely misses you.
You hit Terence.
Terence is lightly wounded.
Terence barely misses you.
You hit Terence.
Terence is lightly wounded.
Terence hits you with a +0 flail.
You barely miss Terence.
Terence is lightly wounded.
Terence hits you with a +0 flail.
* * * LOW HITPOINT WARNING * * *
You hit Terence.
Terence is moderately wounded.
Terence hits you with a +0 flail.
* * * LOW HITPOINT WARNING * * *
You barely miss Terence.
Terence is moderately wounded.
Terence hits you with a +0 flail.
You die...

###########.#.#.##
#...........#.#.#
#.###########.#.##
#.# #.#... #.#
#...## #.# ##..##
#.# #..## #@#
##..#. #@#
#####.)...
#(#######.....#...
#.........###...##
########### #####


You could see Terence.

Vanquished Creatures
  An adder (D:2)
  2 dart slugs (D:1)
  3 bats
  2 endoplasms
  3 giant cockroaches
  5 hobgoblins
  2 jackals (D:1)
  5 quokkas (D:1)
  A ball python (D:1)
  A frilled lizard (D:1)
  5 goblins
  A kobold (D:1)
  2 rats (D:1)
33 creatures vanquished.

Notes
Turn   | Place    | Note
-------+----------+-------------------------------------------
     0 | D:1      | Mitcholas the Hill Orc Monk began the quest for the Orb.
     0 | D:1      | Reached XP level 1. HP: 19/19 MP: 1/1
    74 | D:1      | Reached XP level 2. HP: 18/26 MP: 2/2
   124 | D:1      | Reached skill level 5 in Axes
   132 | D:1      | Found a large runed translucent door.
   132 | D:1      | Found a large runed translucent door.
   133 | D:1      | Noticed an ogre
   134 | D:1      | Noticed an ogre
   134 | D:1      | Noticed an ogre
   137 | D:1      | Noticed an ogre
   372 | D:1      | You fall into a shaft and drop 1 floor!
   419 | D:2      | Reached XP level 3. HP: 31/31 MP: 3/3
   460 | D:2      | Noticed Terence
   629 | D:1      | Reached skill level 6 in Axes
  1218 | D:1      | HP: 1/31 [Terence/+0 flail (4)]
  1219 | D:1      | Slain by Terence

Illustrated notes

Levels and vault maps discovered:
D:1:      erik_arrival_cave_to_civilisation [erik_arrival_cave_to_temple],
          layout_loops_ring
D:2:      layout_loops_ring, basic_altar, minmay_pentomino_q4, uniq_robin,
          uniq_terence

Skill      XL: |  1  2  3 |
---------------+----------+-----
Axes           | 5 6 |  6.1
Fighting       | |  3.6
Dodging        | |  2.4
Stealth        | |  1.5

Action                   || total
-------------------------++-------
Melee: Hand axe          ||   118
       Punch             ||     2
Armor: Robe              ||    10
       Leather armour    ||    15
       Ring mail         ||    11
Dodge: Dodged            ||    78

Table legend: (Time is in decaauts)
 A = Elapsed time spent in this place.
 B = Non-inter-level travel time spent in this place.
 C = Inter-level travel time spent in this place.
 D = Time resting spent in this place.
 E = Time spent auto-exploring this place.
 F = Levels seen in this place.
 G = Mean time per level.
                   A        B        C        D        E       F      G
               +--------+--------+--------+--------+--------+-----+--------+
         Total |   1222 |   1147 |     75 |      5 |    682 |   2 |  611.0 |
       Dungeon |   1222 |   1147 |     75 |      5 |    682 |   2 |  611.0 |
               +--------+--------+--------+--------+--------+-----+--------+

Top non-repeatable levels by time:
     D:1: 1044 daAuts
     D:2: 178 daAuts
